 Dungeon Crawl Stone Soup version 0.28-a0-1594-ga885d4b3d6 (webtiles) character file.

Game seed: 10052303292825885668

1901 mordus the Shield-Bearer (level 9, -3/73 HPs)
             Began as a Gnoll Fighter on Jan 20, 2022.
             Was an Initiate of Okawaru.
             Slain by Joseph (13 damage)
             ... on level 7 of the Dungeon.
             The game lasted 00:10:04 (6001 turns).

mordus the Shield-Bearer (Gnoll Fighter)            Turns: 6001, Time: 00:10:04

Health: -3/73      AC: 17    Str: 23    XL:     9   Next: 15%
Magic:  15/15      EV: 14    Int:  7    God:    Okawaru [......]
Gold:   284        SH:  0    Dex: 15    Spells: 16/16 levels left

rFire   . . .      SeeInvis .   s - +4 great sword (venom)
rCold   . . .      Faith    .   (shield currently unavailable)
rNeg    . . .      Spirit   .   n - +0 chain mail
rPois   .          Reflect  .   (no helmet)
rElec   .          Harm     .   i - +2 cloak
rCorr   .          Rampage  .   g - +2 pair of gloves
Will    .....                   (no boots)
Stlth   ..........              (no amulet)
HPRegen 0.22/turn               f - +6 ring of strength
MPRegen 0.14/turn               q - +4 ring of evasion

@: no status effects
A: fangs 1, strong nose, distributed training
a: Renounce Religion


You were on level 7 of the Dungeon.
You worshipped Okawaru.
Okawaru was noncommittal.
You visited 2 branches of the dungeon, and saw 8 of its levels.

You collected 284 gold pieces.

Inventory:

Hand Weapons
 a - a +0 long sword of freezing
 s - a +4 great sword of venom (weapon)
Missiles
 m - a throwing net (quivered)
 t - 8 poisoned darts
Armour
 b - a +0 scale mail
 c - a +0 buckler
 g - a +2 pair of gloves (worn)
 i - a +2 cloak (worn)
 n - a +0 chain mail (worn)
Jewellery
 f - a +6 ring of strength (left hand)
 q - a +4 ring of evasion (right hand)
Wands
 r - a wand of paralysis (8)
 u - a wand of charming (5)
Scrolls
 h - 9 scrolls of teleportation
 k - a scroll of fear
 l - a scroll of immolation {unknown}
 o - a scroll of amnesia {unknown}
 p - 2 scrolls of identify
Potions
 d - 2 potions of might
 e - 2 potions of degeneration {unknown}
 j - a potion of heal wounds
 v - 2 potions of resistance {unknown}
 w - a potion of curing


   Skills:
 + Level 7.7 Fighting
 + Level 4.0 Short Blades
 + Level 6.1 Long Blades
 + Level 4.0 Axes
 + Level 4.0 Maces & Flails
 + Level 4.0 Polearms
 + Level 4.0 Staves
 + Level 4.0 Slings
 + Level 4.0 Bows
 + Level 4.0 Crossbows
 + Level 4.0 Throwing
 + Level 7.7 Armour
 + Level 4.0 Dodging
 + Level 4.0 Stealth
 + Level 7.7 Shields
 + Level 4.0 Unarmed Combat
 + Level 4.0 Spellcasting
 + Level 3.2 Conjurations
 + Level 3.2 Hexes
 + Level 3.2 Summonings
 + Level 3.2 Necromancy
 + Level 3.2 Translocations
 + Level 3.2 Transmutations
 + Level 3.2 Fire Magic
 + Level 3.2 Ice Magic
 + Level 3.2 Air Magic
 + Level 3.2 Earth Magic
 + Level 3.2 Poison Magic
 + Level 4.3 Invocations
 + Level 4.0 Evocations


You had 16 spell levels left.
You didn't know any spells.
Your spell library contained the following spells:

 Spells                   Type           Power      Damage    Failure   Level
 Sandblast                Erth           10%        2d5       45%         1
 Blink                    Tloc           10%        N/A       61%         2
 Ensorcelled Hibernation  Hex/Ice        10%        N/A       61%         2
 Passwall                 Tmut/Erth      4%         N/A       61%         2
 Portal Projectile        Hex/Tloc       10%        N/A       83%         3
 Spider Form              Tmut/Pois      5%         N/A       83%         3
 Stone Arrow              Conj/Erth      10%        3d7       83%         3
 Anguish                  Hex/Necr       2%         N/A       99%         4
 Leda's Liquefaction      Hex/Erth       2%         N/A       99%         4
 Passage of Golubria      Tloc           5%         N/A       99%         4
 Manifold Assault         Tloc           5%         N/A       100%        5
 Yara's Violent Unravell  Hex/Tmut       2%         3d3       100%        5
 Storm Form               Tmut/Air       2%         N/A       100%        7
 Summon Small Mammal      Summ           Unusable   N/A       N/A         1
 Call Canine Familiar     Summ           Unusable   N/A       N/A         3
 Summon Guardian Golem    Hex/Summ       Unusable   N/A       N/A         3
 Tukima's Dance           Hex            Unusable   N/A       N/A         3

Dungeon Overview and Level Annotations

Branches:
Dungeon (7/15)             Temple (1/1) D:6

Altars:
Ashenzari
Cheibriados
Fedhas
Gozag
Hepliaklqana
Kikubaaqudgha
Makhleb
Nemelex Xobeh
Okawaru
Qazlal
Ru
Sif Muna
Trog
Uskayaw
Vehumet
Wu Jian
Xom
Yredelemnul
Zin
The Shining One

Annotations:
D:7 Joseph


Innate Abilities, Weirdness & Mutations

You have very sharp teeth.
Your uncanny sense of smell can sniff out nearby items.
Your experience applies equally to all skills.


Message History

Your Maces & Flails skill increases to level 4!
Your Polearms skill increases to level 4!
Your Staves skill increases to level 4!
Your Slings skill increases to level 4!
Your Bows skill increases to level 4!
Your Crossbows skill increases to level 4!
Your Throwing skill increases to level 4!
Your Dodging skill increases to level 4!
Your Stealth skill increases to level 4!
Your Unarmed Combat skill increases to level 4!
Your Spellcasting skill increases to level 4!
Your Evocations skill increases to level 4!
Magic restored.
HP restored.
Joseph, a Mercenary comes into view.
He is wielding a +6 quarterstaff.
Joseph shouts!
Joseph drinks a potion.
Joseph flickers and vanishes!
Deactivating autopickup; reactivate with Ctrl-A.
No target in view!
There is a strange disturbance nearby!
There is a strange disturbance nearby!
No target in view!
There is a strange disturbance nearby!
No target in view!
No target in view!
A sling bullet appears from out of thin air!
The sling bullet hits you!
You see here 8 gold pieces.
A sling bullet appears from out of thin air!
The sling bullet hits you!!
You see here a scroll of identify.
Found 8 gold pieces.
A sling bullet appears from out of thin air!
The sling bullet hits you but does no damage.
Found a club.
Found a stone staircase leading down.
Something hits you!
You slash something! Something hits you!
* * * LOW HITPOINT WARNING * * *
You miss something. Something hits you!
* * * LOW HITPOINT WARNING * * *
Something hits you!
You die...

.......
.......
.$.....
.......
.......
##....)..
##.{.....>
##.@# ##..##
##..##
##.?##
##.$## #..##
## ##.##
##.## ###..#
###.###...##


There were no monsters in sight!

Vanquished Creatures
  Prince Ribbit (D:7)
  A steam dragon (D:6)
  An ice beast (D:4)
  3 sky beasts
  A black bear (D:4)
  A necrophage (D:6)
  A centaur (D:6)
  A kobold brigand (D:6)
  2 scorpions
  A water moccasin zombie (D:5)
  2 water moccasin skeletons
  4 hounds
  An orc priest (D:6)
  Crazy Yiuf (D:3)
  A gnoll shaman (D:6)
  3 iguanas
  A centaur skeleton (D:5)
  A scorpion zombie (D:5)
  Terence (D:3)
  Natasha (twice) (D:2)
  A hound skeleton (D:4)
  A howler monkey zombie (D:5)
  3 gnolls (D:6)
  5 adders
  A white imp (D:6)
  An ufetubus (D:5)
  An adder zombie (D:5)
  An adder skeleton (D:4)
  A worm (D:2)
  A dart slug (D:2)
  8 orcs
  7 ball pythons
  12 bats
  10 endoplasms
  A giant cockroach (D:1)
  8 hobgoblins
  7 jackals
  3 quokkas
  4 frilled lizards
  10 kobolds
  7 rats
123 creatures vanquished.

Notes
Turn   | Place    | Note
-------+----------+-------------------------------------------
     0 | D:1      | mordus the Gnoll Fighter began the quest for the Orb.
     0 | D:1      | Reached XP level 1. HP: 23/23 MP: 1/1
   179 | D:1      | Reached XP level 2. HP: 28/29 MP: 2/2
   182 | D:1      | Found a faded altar of an unknown god.
   812 | D:2      | Reached XP level 3. HP: 35/35 MP: 3/3
   821 | D:2      | Noticed Natasha
   827 | D:2      | Killed Natasha
   828 | D:2      | Reached skill level 1 in Invocations
   880 | D:2      | Reached skill level 1 in Short Blades
   880 | D:2      | Reached skill level 1 in Axes
   880 | D:2      | Reached skill level 1 in Maces & Flails
   880 | D:2      | Reached skill level 1 in Polearms
   880 | D:2      | Reached skill level 1 in Staves
   880 | D:2      | Reached skill level 1 in Slings
   880 | D:2      | Reached skill level 1 in Bows
   880 | D:2      | Reached skill level 1 in Crossbows
   880 | D:2      | Reached skill level 1 in Throwing
   880 | D:2      | Reached skill level 1 in Dodging
   880 | D:2      | Reached skill level 1 in Stealth
   880 | D:2      | Reached skill level 1 in Unarmed Combat
   880 | D:2      | Reached skill level 1 in Spellcasting
   880 | D:2      | Reached skill level 1 in Evocations
   990 | D:2      | Reached XP level 4. HP: 41/41 MP: 5/5
  1291 | D:2      | Noticed Natasha
  1300 | D:2      | Killed Natasha
  1301 | D:2      | Reached skill level 1 in Conjurations
  1301 | D:2      | Reached skill level 1 in Hexes
  1301 | D:2      | Reached skill level 1 in Summonings
  1301 | D:2      | Reached skill level 1 in Necromancy
  1301 | D:2      | Reached skill level 1 in Translocations
  1301 | D:2      | Reached skill level 1 in Transmutations
  1301 | D:2      | Reached skill level 1 in Fire Magic
  1301 | D:2      | Reached skill level 1 in Ice Magic
  1301 | D:2      | Reached skill level 1 in Air Magic
  1301 | D:2      | Reached skill level 1 in Earth Magic
  1301 | D:2      | Reached skill level 1 in Poison Magic
  1487 | D:2      | Reached XP level 5. HP: 47/47 MP: 6/6
  1770 | D:3      | Found a broken altar of Ashenzari.
  1803 | D:3      | Found a runed translucent door.
  1804 | D:3      | Noticed Crazy Yiuf
  2070 | D:3      | Noticed Terence
  2079 | D:3      | Killed Terence
  2364 | D:3      | Killed Crazy Yiuf
  2664 | D:4      | Noticed an ice beast
  2675 | D:4      | Killed an ice beast
  2676 | D:4      | Reached skill level 5 in Long Blades
  2676 | D:4      | Reached XP level 6. HP: 53/53 MP: 7/9
  2776 | D:4      | Noticed a black bear
  2783 | D:4      | Killed a black bear
  2805 | D:4      | Reached XP level 7. HP: 52/59 MP: 10/10
  3114 | D:4      | Noticed a two-headed ogre
  3122 | D:4      | HP: 1/60 [two-headed ogre (10)]
  3692 | D:5      | Entered Level 5 of the Dungeon
  4097 | D:5      | Found an opulent altar of Gozag.
  4135 | D:5      | Found a shimmering blue altar of Sif Muna.
  4362 | D:5      | Reached XP level 8. HP: 66/67 MP: 12/12
  4585 | D:5      | Identified the +7 chain mail of Death Resistance {Dex+5}
  5170 | D:6      | Found a staircase to the Ecumenical Temple.
  5213 | Temple   | Entered the Ecumenical Temple
  5242 | Temple   | Became a worshipper of Warmaster Okawaru
  5847 | D:6      | Reached XP level 9. HP: 72/72 MP: 14/14
  5949 | D:7      | Noticed Prince Ribbit
  5977 | D:7      | Killed Prince Ribbit
  5994 | D:7      | Noticed Joseph
  6001 | D:7      | Slain by Joseph

Illustrated notes

Levels and vault maps discovered:
D:1:      beargit_arrival_diablo_church, layout_basic,
          shapermc_ecumenical_altar_mp_ritualfount
D:2:      layout_rooms, uniq_natasha
D:3:      layout_basic, lemuel_crystal_altar, uniq_terence,
          uniq_crazy_yiuf_cottage
D:4:      layout_rooms, serial_park_tiny_pond, serial_bayou_ford_a
D:5:      layout_loops_corners, mainiacjoe_overflow_large_starburst
D:6:      layout_basic, minmay_temple_entry_waves
D:7:      layout_cave_pods, hangedman_decor_points, corexii_checkpoint_b,
          uniq_joseph, uniq_harold, uniq_prince_ribbit1
Temple:   minmay_crystal_spiral_temple

Skill      XL: |  1  2  3  4  5  6  7  8  9 |
---------------+----------------------------+-----
Invocations    | 1 2 3 4 |  4.3
Short Blades   | 1 2 3 4 |  4.0
Axes           | 1 2 3 4 |  4.0
Maces & Flails | 1 2 3 4 |  4.0
Polearms       | 1 2 3 4 |  4.0
Staves         | 1 2 3 4 |  4.0
Slings         | 1 2 3 4 |  4.0
Bows           | 1 2 3 4 |  4.0
Crossbows      | 1 2 3 4 |  4.0
Throwing       | 1 2 3 4 |  4.0
Dodging        | 1 2 3 4 |  4.0
Stealth        | 1 2 3 4 |  4.0
Unarmed Combat | 1 2 3 4 |  4.0
Spellcasting   | 1 2 3 4 |  4.0
Evocations     | 1 2 3 4 |  4.0
Conjurations   | 1 2 3 |  3.2
Hexes          | 1 2 3 |  3.2
Summonings     | 1 2 3 |  3.2
Necromancy     | 1 2 3 |  3.2
Translocations | 1 2 3 |  3.2
Transmutations | 1 2 3 |  3.2
Fire Magic     | 1 2 3 |  3.2
Ice Magic      | 1 2 3 |  3.2
Air Magic      | 1 2 3 |  3.2
Earth Magic    | 1 2 3 |  3.2
Poison Magic   | 1 2 3 |  3.2
Long Blades    | 5 6 |  6.1
Fighting       | 7 |  7.7
Armour         | 7 |  7.7
Shields        | 7 |  7.7

Action                   |  1- 3 |  4- 6 |  7- 9 || total
-------------------------+-------+-------+-------++-------
Melee: Long sword        |    84 |   158 |    26 ||   268
       Bite              |     6 |    21 |    13 ||    40
       Great sword       |       |       |   103 ||   103
  Use: Potion            |       |     4 |       ||     4
       Scroll            |       |       |     8 ||     8
Armor: Scale mail        |    45 |    76 |       ||   121
       Chain mail        |       |    22 |    77 ||    99
Dodge: Dodged            |    33 |    95 |   116 ||   244
Block: Buckler           |    23 |    65 |    11 ||    99

Table legend: (Time is in decaauts)
 A = Elapsed time spent in this place.
 B = Non-inter-level travel time spent in this place.
 C = Inter-level travel time spent in this place.
 D = Time resting spent in this place.
 E = Time spent auto-exploring this place.
 F = Levels seen in this place.
 G = Mean time per level.
                   A        B        C        D        E       F      G
               +--------+--------+--------+--------+--------+-----+--------+
         Total |   6130 |   5910 |    220 |    974 |   3658 |   8 |  766.2 |
       Dungeon |   5916 |   5780 |    136 |    974 |   3547 |   7 |  845.1 |
        Temple |    213 |    129 |     84 |      0 |    111 |   1 |  213.0 |
               +--------+--------+--------+--------+--------+-----+--------+

Top non-repeatable levels by time:
     D:3: 1263 daAuts
     D:5: 1063 daAuts
     D:6: 997 daAuts
     D:2: 892 daAuts
     D:1: 820 daAuts
     D:4: 803 daAuts
  Temple: 213 daAuts
     D:7: 75 daAuts
